 Dungeon Crawl Stone Soup version 0.28.0-45-g0d030f2227 (webtiles) character file.

Game seed: 9122601160987210540

60 GigaChad the Skirmisher (level 3, 0/35 HPs)
             Began as a Minotaur Chaos Knight on Apr 21, 2022.
             Was a Plaything of Xom.
             Slain by a gnoll
             ... wielding a +0 halberd
              (12 damage)
             ... on level 2 of the Dungeon on Apr 22, 2022.
             The game lasted 00:05:02 (1691 turns).

GigaChad the Skirmisher (Minotaur Chaos Knight)     Turns: 1691, Time: 00:05:03

Health: 0/35       AC:  5    Str: 16    XL:     3   Next: 82%
Magic:  2/2        EV: 10    Int:  9    God:    Xom [..*...]
Gold:   74         SH:  0    Dex: 11    Spells: 2/2 levels left

rFire   . . .      SeeInvis .   a - +0 falchion (chaos)
rCold   . . .      Faith    .   (no shield)
rNeg    . . .      Spirit   .   d - +0 ring mail
rPois   .          Reflect  .   (helmet restricted)
rElec   .          Harm     .   (no cloak)
rCorr   .          Rampage  .   (no gloves)
Will    .....                   (no boots)
Stlth   +.........              (no amulet)
HPRegen 0.11/turn               (no ring)
MPRegen 0.08/turn               (no ring)

@: no status effects
A: horns 2, retaliatory headbutt
a: Renounce Religion


You were on level 2 of the Dungeon.
You worshipped Xom.
You were a toy of Xom.
You visited 1 branch of the dungeon, and saw 2 of its levels.

You collected 74 gold pieces.

Inventory:

Hand Weapons
 a - a +0 falchion of chaos (weapon)
Armour
 b - a +2 leather armour
 d - a +0 ring mail (worn)
Scrolls
 f - 2 scrolls of enchant armour {unknown}
 g - a scroll of teleportation {unknown}
Potions
 c - a potion of lignification {unknown}
 e - 2 potions of curing {unknown}


   Skills:
 + Level 4.8 Fighting
 + Level 4.4 Long Blades
 + Level 2.8 Armour
 + Level 1.3 Dodging


You had 2 spell levels left.
You didn't know any spells.
Your spell library contained the following spells:

 Spells                   Type           Power      Damage    Failure   Level
 Summon Guardian Golem    Hex/Summ       0%         N/A       92%         3
 Orb of Destruction       Conj           0%         9d5       100%        7
 Spellforged Servitor     Conj/Summ      0%         N/A       100%        7


Dungeon Overview and Level Annotations

Branches:
Dungeon (2/15)

Altars:

Shops:
D:1 (


Innate Abilities, Weirdness & Mutations

You have a pair of horns on your head.
You reflexively headbutt those who attack you in melee.


Message History

Moving in this stuff is going to be slow.
You enter the shallow water.
Moving in this stuff is going to be slow.
You enter the shallow water.
Moving in this stuff is going to be slow.
You enter the shallow water.
Moving in this stuff is going to be slow.
There is a stone staircase leading down here.
There is a stone staircase leading up here.
You see here a +0 club.
There is a stone staircase leading up here.
A goblin comes into view. It is wielding a +0 dagger.
The goblin shouts!
The goblin moves out of view.
A gnoll comes into view. It is wielding a +0 halberd.
Found a brown potion.
The gnoll shouts!
A gnoll comes into view. It is wielding a +0 whip.
Found a pearl ring and a whip.
The gnoll shouts!
A gnoll comes into view. It is wielding a +0 spear.
The goblin hits you but does no damage.
The gnoll hits you from afar with a +0 halberd!
A shower of butterflies erupts from you!
You swap places.
The goblin completely misses your butterfly.
You swap places.
The goblin hits you with a +0 dagger.
You closely miss the gnoll. The gnoll hits you with a +0 halberd!
The goblin closely misses you. The gnoll misses you.
You closely miss the gnoll. You headbutt the gnoll.
The gnoll is heavily wounded.
The goblin barely misses you.
You closely miss the gnoll. Your headbutt misses the gnoll.
You punch the gnoll, but do no damage. The goblin closely misses you.
The gnoll hits you from afar with a +0 halberd.
You hit the gnoll. You freeze the gnoll.
The gnoll is heavily wounded.
The goblin closely misses you.
The gnoll hits you from afar with a +0 halberd!
You die...

.# #..............
##.# #..............
.... . .............♣.
..####..
#............. .......
#......g..... #...#
#.b....∩. ..#.#####
#g....!.. ........###
##.g###...
.#...##...#####g@## .
.###....#....##..# .#
####..>##.##..# .#
#####.##.#.b.# .#
##...†..).....## ##
#..###..#.b#b..# #
#.## ##....b<..##
##.######.#........
###...........##...#..


You could see 3 gnolls and a goblin.

Vanquished Creatures
  A worm (D:2)
  3 dart slugs (D:1)
  6 endoplasms
  3 goblins
  3 hobgoblins (D:2)
  7 jackals (D:1)
  3 quokkas (D:1)
  5 ball pythons
  6 bats
  2 frilled lizards (D:1)
  3 kobolds (D:2)
  5 rats
47 creatures vanquished.

Vanquished Creatures (others)
  4 plants (D:2)
4 creatures vanquished.

Grand Total: 51 creatures vanquished

Notes
Turn   | Place    | Note
-------+----------+-------------------------------------------
     0 | D:1      | GigaChad the Minotaur Chaos Knight began the quest for the
                  | Orb.
     0 | D:1      | Reached XP level 1. HP: 19/19 MP: 0/0
   178 | D:1      | Reached XP level 2. HP: 26/27 MP: 1/1
   186 | D:1      | Found Alor's Weapon Shop.
   547 | D:1      | XOM: potion effect (haste)
   676 | D:1      | Reached XP level 3. HP: 31/34 MP: 2/2
   755 | D:1      | XOM: silly message
  1290 | D:2      | XOM: divination: detect items
  1685 | D:2      | XOM: butterfly on damage
  1691 | D:2      | Slain by a gnoll

Illustrated notes

Levels and vault maps discovered:
D:1:      minmay_arrival_stone_box, layout_basic, serial_aquarium,
          aquarium_bridge_square [aquarium_subvault_balcony,
          aquarium_subvault_bridge, aquarium_subvault_bridge,
          aquarium_subvault_bridge], aquarium_bridge_square
          [aquarium_subvault_wall, aquarium_subvault_bridge,
          aquarium_subvault_wall, aquarium_subvault_window], aquarium_window_2,
          aquarium_window_2, aquarium_window_2, aquarium_view_2a,
          aquarium_view_4, aquarium_pool_1, serial_shops, shop,
          minmay_hexomino_f4
D:2:      layout_rooms, serial_shops, shop, serial_bayou, serial_bayou_pond_b,
          serial_bayou_pond_e, serial_bayou_shore_b, serial_bayou_crossing,
          hellmonk_ecumenical_altar_arch_garden

Skill      XL: |  1  2 |
---------------+-------+-----
Fighting       | 4 |  4.8
Long Blades    | 4 |  4.4
Armour         | |  2.8
Dodging        | |  1.3

Action                   || total
-------------------------++-------
Melee: Falchion          ||    91
       Headbutt          ||    10
       Punch             ||     1
Armor: Leather armour    ||     9
       Ring mail         ||    47
Dodge: Dodged            ||    85
